 Dungeon Crawl Stone Soup version 0.29.1-13-g9f3cf754e1 (webtiles) character file.

Game seed: 16045999123191870775

44 Vulpanium the Gusty (level 3, -9/24 HPs)
             Began as a Human Air Elementalist on Jan 21, 2023.
             Was a Follower of the Shining One.
             Mangled by a worm (10 damage)
             ... on level 2 of the Dungeon.
             The game lasted 00:06:50 (2138 turns).

Vulpanium the Gusty (Human Air Elementalist)        Turns: 2138, Time: 00:06:51

Health: -9/24      AC:  2    Str:  8    XL:     3   Next: 85%
Magic:  6/6        EV: 12    Int: 17    God:    the Shining One [*.....]
Gold:   84         SH:  0    Dex: 13    Spells: 5/6 levels left

rFire   . . .      SeeInvis .   f - +0 dagger
rCold   . . .      Faith    .   (no shield)
rNeg    . . .      Spirit   .   a - +0 robe
rPois   .          Reflect  .   (no helmet)
rElec   .          Harm     .   (no cloak)
rCorr   .          Rampage  .   (no gloves)
Will    .....                   (no boots)
Stlth   +.........              (no amulet)
HPRegen 0.08/turn               g - ring of wizardry
MPRegen 0.10/turn               (no ring)

@: glowing
A: no striking features
a: Renounce Religion, Divine Shield


You were on level 2 of the Dungeon.
You worshipped the Shining One.
The Shining One was aware of your devotion.
You visited 1 branch of the dungeon, and saw 2 of its levels.

You collected 84 gold pieces.

Inventory:

Hand Weapons
 c - a +0 whip
 f - a +0 dagger (weapon)
Armour
 a - a +0 robe (worn)
 j - an orb of guile
 m - a +0 chain mail
Jewellery
 g - a ring of wizardry (left hand)
Scrolls
 k - a scroll of silence {unknown}
 l - 4 scrolls of identify {unknown}
Potions
 b - 2 potions of magic
 d - a potion of haste {unknown}
 e - a potion of flight {unknown}
 h - 2 potions of heal wounds {unknown}
 i - a potion of brilliance {unknown}


   Skills:
 + Level 0.2 Short Blades
 + Level 2.1 Dodging
 + Level 2.4 Stealth
 + Level 2.3 Spellcasting
 + Level 1.4 Conjurations
 + Level 3.6 Air Magic


You had 5 spell levels left.
You knew the following spells:

 Your Spells              Type           Power      Damage    Failure   Level
a - Shock                 Conj/Air       40%        1d5       2%          1

Your spell library contained the following spells:

 Spells                   Type           Power      Damage    Failure   Level
 Static Discharge         Conj/Air       10%        3-5/arc   4%          2
 Swiftness                Air            14%        N/A       4%          3
 Airstrike                Air            7%         2d(1-17)  16%         4


Dungeon Overview and Level Annotations

Branches:
Dungeon (2/15)

Altars:
The Shining One


Message History

You hit the worm.
The worm is moderately wounded.
The worm bites you.
You hit the worm.
The worm is moderately wounded.
The worm bites you.
You hit the worm.
The worm is heavily wounded.
You hit the worm.
The worm is heavily wounded.
The worm bites you.
You completely miss the worm.
The worm is heavily wounded.
You completely miss the worm.
The worm is heavily wounded.
The worm bites you.
You hit the worm.
The worm is heavily wounded.
The worm bites you but does no damage.
You hit the worm but do no damage.
The worm is heavily wounded.
You hit the worm but do no damage.
The worm is heavily wounded.
The worm bites you!
* * * LOW HITPOINT WARNING * * *
You hit the worm but do no damage.
The worm is moderately wounded.
You hit the worm.
The worm is heavily wounded.
The worm closely misses you.
You completely miss the worm.
The worm is heavily wounded.
The worm bites you.
* * * LOW HITPOINT WARNING * * *
You hit the worm.
The worm is heavily wounded.
You hit the worm but do no damage.
The worm is heavily wounded.
The worm bites you!
You die...

#.####.#
#.#####.#
.......#
#.(..##.#
#.####.# ##.##.#
#.#
#<########.#.#.#
#.#
#...).....###..#
..#
##########.#.###
### ##.##
###############.#
#.............w@#
#<###############
##.# ...# ####


You could see a worm.

Vanquished Creatures
  An adder (D:2)
  A dart slug (D:1)
  An orc (D:2)
  A ball python (D:2)
  5 endoplasms
  A giant cockroach (D:1)
  3 goblins
  3 hobgoblins (D:1)
  2 quokkas (D:1)
  4 bats (D:1)
  4 frilled lizards
  3 kobolds
  A rat (D:1)
30 creatures vanquished.

Notes
Turn   | Place    | Note
-------+----------+-------------------------------------------
     0 | D:1      | Vulpanium the Human Air Elementalist began the quest for
                  | the Orb.
     0 | D:1      | Reached XP level 1. HP: 13/13 MP: 3/3
    47 | D:1      | Noticed a golden eye
    50 | D:1      | Found a faded altar of an unknown god.
    55 | D:1      | Noticed an eye of devastation
    55 | D:1      | Noticed a great orb of eyes
    55 | D:1      | Noticed an eye of devastation
    62 | D:1      | Prayed at the altar of an unknown god.
    62 | D:1      | Became a worshipper of the Shining One
    62 | D:1      | Reached * piety under the Shining One
   428 | D:1      | Reached XP level 2. HP: 16/19 MP: 0/5
   985 | D:1      | Reached XP level 3. HP: 17/24 MP: 1/6
  2136 | D:2      | HP: 1/24 [worm (2)]
  2138 | D:2      | Mangled by a worm

Illustrated notes

Levels and vault maps discovered:
D:1:      dpeg_arrival_houses_and_road, layout_loops_ring,
          hellmonk_ecumenical_altar_watching_god
D:2:      layout_loops_ring, minmay_misc_feat_rugged

Action                   || total
-------------------------++-------
Melee: Dagger            ||    50
       Whip              ||     2
 Cast: Shock             ||    61
Armor: Robe              ||    11
Dodge: Dodged            ||    32
